 Dungeon Crawl Stone Soup version 0.25-a0-177-gd145f35b4e (webtiles) character file.

Game seed: 2629189635174707232, levelgen mode: deterministic

13052 RedPan the Thaumaturge (level 11, -6/84 HPs)
             Began as a Black Draconian Ice Elementalist on Nov 26, 2019.
             Was an Elder of Sif Muna.
             Killed from afar by a lindwurm (34 damage)
             ... with a blast of flame
             ... on level 4 of the Lair of Beasts.
             The game lasted 00:54:01 (16303 turns).

RedPan the Thaumaturge (DrIE)                      Turns: 16303, Time: 00:54:02

Health: -6/84      AC: 11    Str: 10    XL:     11   Next: 70%
Magic:  7/24       EV: 17    Int: 18    God:    Sif Muna [****..]
Gold:   960        SH:  4    Dex: 17    Spells: 19/28 levels left

rFire    . . .     SeeInvis .   o - +8 club
rCold    . . .     Gourm    .   S - +0 buckler
rNeg     . . .     Faith    .   (armour unavailable)
rPois    .         Spirit   .   Q - +0 hat
rElec    +         Reflect  .   m - +0 cloak
rCorr    .         Harm     .   a - +1 pair of gloves
MR       .....                  N - +0 pair of boots (curse)
Stlth    ++........             p - amulet of magic regeneration
HPRegen  0.24/turn              F - +4 ring of dexterity
MPRegen  0.44/turn              (no ring)

@: no status effects
A: breathe lightning, unfitting armour, electricity resistance, cold-blooded, AC
+7
a: Breathe Lightning, Channel Magic, Forget Spell, Divine Exegesis, Renounce
Religion


You were on level 4 of the Lair of Beasts.
You worshipped Sif Muna.
Sif Muna was greatly pleased with you.
You were not hungry.

You visited 3 branches of the dungeon, and saw 15 of its levels.

You collected 960 gold pieces.

Inventory:

Hand Weapons
 o - a +8 club (weapon)
 G - a +1 trident of piercing
 K - a +3 war axe of freezing
Armour
 a - a +1 pair of gloves (worn)
 m - a +0 cloak (worn)
 N - a cursed +0 pair of boots (worn)
 Q - a +0 hat (worn)
 S - a +0 buckler (worn)
Magical Staves
 y - an uncursed staff of conjuration
 I - an uncursed staff of energy
Jewellery
 p - an amulet of magic regeneration (around neck)
 B - a cursed amulet of inaccuracy {unknown}
 F - a +4 ring of dexterity (left hand)
 O - an uncursed amulet of regeneration {unknown}
Wands
 j - a wand of paralysis (4)
 r - a wand of flame (19)
 s - a wand of acid (3)
 t - a wand of polymorph (5)
 z - a wand of disintegration (15)
Scrolls
 e - 10 scrolls of teleportation
 i - 7 scrolls of remove curse
 n - 6 scrolls of blinking
 u - 4 scrolls of fear
 v - 3 scrolls of fog
 C - 2 scrolls of amnesia
 H - 2 scrolls of enchant armour
 L - a scroll of enchant weapon
 M - 2 scrolls of magic mapping
Potions
 c - 2 potions of agility
 d - 3 potions of brilliance
 f - 3 potions of magic
 g - 2 potions of invisibility
 h - 2 potions of heal wounds
 k - 2 potions of cancellation
 l - 2 potions of might
 q - 2 potions of haste
 w - 2 potions of curing
 x - 6 potions of lignification
 A - a potion of resistance {unknown}
 D - a potion of experience {unknown}
 E - 2 potions of berserk rage
 J - a potion of flight {unknown}
 P - a potion of degeneration {unknown}
Comestibles
 b - 33 rations
 R - 9 chunks of flesh


   Skills:
 - Level 4.0 Fighting
 + Level 8.0 Dodging
 - Level 2.0 Stealth
 + Level 1.5 Shields
 - Level 9.1 Spellcasting
 - Level 8.0 Conjurations
 - Level 5.0 Summonings
 - Level 8.2 Ice Magic
 + Level 6.0 Invocations


You had 19 spell levels left.
You knew the following spells:

 Your Spells              Type           Power        Failure   Level  Hunger
a - Freeze                Ice            ####         1%          1    None
b - Summon Ice Beast      Ice/Summ       ####....     8%          4    ###....
c - Throw Icicle          Conj/Ice       #####...     4%          4    ###....

Your spell library contained the following spells:

 Spells                   Type           Power        Failure   Level  Hunger
 Searing Ray              Conj           #####.       1%          2    None
 Throw Frost              Conj/Ice       #####.       1%          2    None
 Flame Tongue             Conj/Fire      ###..        2%          1    None
 Ozocubu's Armour         Chrm/Ice       ###.....     7%          3    None
 Vampiric Draining        Necr           #.........   34%         3    None
 Excruciating Wounds      Chrm/Necr      #.........   97%         5    #####..
 Conjure Ball Lightning   Conj/Air       ###.......   98%         6    ######.


Dungeon Overview and Level Annotations

Branches:
Dungeon (10/15)            Temple (1/1) D:7            Lair (4/6) D:10
  Swamp (0/4) Lair:2          Orc (0/2) D:9
  Snake: Lair:2-4    Spider: Lair:2-4

Altars:
Ashenzari
Cheibriados
Dithmenos
Elyvilon
Fedhas
Gozag
Hepliaklqana
Kikubaaqudgha
Makhleb
Nemelex Xobeh
Okawaru
Qazlal
Ru
Sif Muna
Trog
Uskayaw
Vehumet
Wu Jian
Xom
Yredelemnul
Zin
The Shining One
Beogh

Shops:
D:9 (


Innate Abilities, Weirdness & Mutations

You can breathe wild blasts of lightning.
Your glossy black scales are hard. (AC +7)
You cannot fit into any form of body armour.
You are resistant to electric shocks. (rElec)
You are cold-blooded and may be slowed by cold attacks.


Message History

The blast of flame hits you!!
Casting: Summon Ice Beast (safe; 8% risk of failure)
Confirm with . or Enter, or press ? or * to list all spells.
A chill wind blows around you.
Casting: Summon Ice Beast (safe; 8% risk of failure)
Confirm with . or Enter, or press ? or * to list all spells.
A chill wind blows around you.
Your ice beast hits the lindwurm.
Your ice beast freezes the lindwurm.
Casting: Summon Ice Beast (safe; 8% risk of failure)
Confirm with . or Enter, or press ? or * to list all spells.
A chill wind blows around you. The lindwurm closely misses you.
The lindwurm barely misses you. The lindwurm claws you.
Your ice beast hits the lindwurm but does no damage. x2
Unknown command.
You hit the lindwurm.
You tail-slap the lindwurm, but do no damage.
The lindwurm is moderately wounded.
The lindwurm breathes flames at you. The blast of flame hits you!!
You die...

...#.# #....#..P##.#P#...##
#...## #..................#
....## #...##..###.P.##P.##
.....#####.##.....##..#P..#
.#[.#....#.###...<.F......#
##..........##..#.#..P.P###
.#...P.P.#.P###†####.####
......########.Yk# ###
..#..#. ##Y@# ##..... #Y##
.#..... #.P# #...# #. #.##
....# #.. ##..# ##.. #
..... #.# #.... #. # #....
..


You could see a lindwurm and 3 friendly ice beasts.

Vanquished Creatures
  2 spiny frogs
  2 blink frogs (Lair:2)
  Sigmund (D:3)
  A human (D:10)
  A yak (Lair:4)
  3 hogs (D:10)
  A basilisk (Lair:1)
  3 porcupines
  2 ice beasts
  2 orc warriors
  2 phantoms
  2 sky beasts
  A black bear (D:6)
  3 ogres
  3 wolves
  2 centaurs (D:9)
  4 bullfrogs
  A big kobold (D:7)
  2 scorpions (D:6)
  4 wights (D:7)
  7 crimson imps
  2 bullfrog zombies
  3 jellies
  4 orc priests
  2 centaur skeletons (D:7)
  7 hounds
  2 bullfrog skeletons
  4 orc wizards
  Jessica (D:2)
  Terence (D:3)
  An iguana (D:6)
  9 worker ants
  2 hound zombies
  2 hound skeletons (D:9)
  2 worker ant zombies
  A howler monkey zombie (D:10)
  8 gnolls
  14 adders
  A shadow imp (D:8)
  An ooze (D:4)
  3 adder skeletons
  4 worms
  A dart slug (D:4)
  5 leopard geckos
  21 orcs
  7 bats
  6 hobgoblins
  4 jackals
  15 kobolds
  4 quokkas
  3 ball pythons
  6 frilled lizards
  6 goblins
  A leopard gecko skeleton (D:4)
  4 rats
206 creatures vanquished.

Vanquished Creatures (collateral kills)
  Gastronok (Lair:3)
  Snorg (Lair:3)
  Harold (D:7)
  2 hydras
  A lindwurm (Lair:4)
  An ugly thing (D:10)
  An elephant (Lair:4)
  A gargoyle (D:10)
  2 spiny frogs (Lair:3)
  4 komodo dragons
  A polar bear (Lair:3)
  A hornet (D:8)
  3 blink frogs (Lair:2)
  A bog body (Lair:2)
  4 hippogriffs
  6 yaks
  A hog (D:10)
  A hungry ghost (D:8)
  2 water moccasins (Lair:2)
  A sky beast (D:8)
  4 orc warriors
  10 porcupines
  An ogre (D:10)
  A necrophage (D:10)
  14 wolves
  A centaur (D:9)
  3 crocodiles
  A bullfrog (D:7)
  A gnoll sergeant (D:8)
  A scorpion (D:10)
  6 wights
  A centaur zombie (D:10)
  3 orc priests
  5 orc wizards (D:10)
  2 hounds
  2 worker ants (D:9)
  3 mummies (D:10)
  5 gnolls
  10 orcs
  A quokka (D:7)
  A fungus (Lair:2)
112 creatures vanquished.

Vanquished Creatures (others)
  A bullfrog (Lair:4)
  7 plants
8 creatures vanquished.

Grand Total: 326 creatures vanquished

Notes
Turn   | Place    | Note
-------+----------+-------------------------------------------
     0 | D:1      | RedPan the Draconian Ice Elementalist began the quest for
                  | the Orb.
     0 | D:1      | Reached XP level 1. HP: 14/14 MP: 3/3
   170 | D:1      | Reached XP level 2. HP: 20/20 MP: 5/5
   631 | D:2      | Reached XP level 3. HP: 26/26 MP: 1/6
   990 | D:2      | Noticed Jessica
   993 | D:2      | Killed Jessica
   993 | D:2      | Reached skill level 3 in Spellcasting
   993 | D:2      | Reached XP level 4. HP: 23/33 MP: 5/8
  1151 | D:2      | Learned a level 4 spell: Summon Ice Beast
  1692 | D:3      | Noticed an ogre
  1708 | D:3      | Killed an ogre
  1708 | D:3      | Reached skill level 1 in Summonings
  1708 | D:3      | Reached XP level 5. HP: 20/38 MP: 3/10
  2008 | D:3      | Noticed Sigmund
  2017 | D:3      | Killed Sigmund
  2017 | D:3      | Reached skill level 4 in Spellcasting
  2017 | D:3      | Reached skill level 5 in Ice Magic
  2017 | D:3      | Reached XP level 6. HP: 44/45 MP: 7/12
  2291 | D:3      | Noticed Terence
  2299 | D:3      | Killed Terence
  2795 | D:4      | Your scales start taking on a glossy black colour.
  2795 | D:4      | Reached XP level 7. HP: 10/50 MP: 2/13
  2795 | D:4      | Gained mutation: You are resistant to electric shocks.
                  | (rElec) [Black Draconian growth]
  3106 | D:4      | Found an opulent altar of Gozag.
  3488 | D:4      | Found a glowing golden altar of the Shining One.
  3680 | D:4      | Reached skill level 5 in Spellcasting
  4174 | D:5      | Entered Level 5 of the Dungeon
  4773 | D:5      | Reached XP level 8. HP: 56/57 MP: 16/16
  5266 | D:6      | Reached skill level 5 in Summonings
  5404 | D:6      | Reached skill level 1 in Fighting
  5808 | D:6      | Reached skill level 6 in Spellcasting
  6445 | D:7      | Found a staircase to the Ecumenical Temple.
  6674 | Temple   | Entered the Ecumenical Temple
  6725 | Temple   | Became a worshipper of Sif Muna the Loreminder
  6866 | D:7      | Reached XP level 9. HP: 70/70 MP: 13/19
  6977 | D:7      | Got a transparent helmet
  7207 | D:7      | Identified Mariguy Gacs's Volume of Black Rituals and
                  | Attacks
  7214 | D:7      | Learned a level 4 spell: Throw Icicle
  7273 | D:7      | Noticed Harold
  7288 | D:7      | Killed Harold
  7288 | D:7      | Reached skill level 7 in Spellcasting
  7685 | D:8      | Paralysed by a hornet for 2 turns
  8537 | D:8      | Reached * piety under Sif Muna
  9472 | D:9      | Found Zieciati's Weapon Shop.
  9498 | D:9      | Found a staircase to the Orcish Mines.
  9525 | D:9      | Found a roughly hewn altar of Beogh.
  9545 | D:9      | Reached ** piety under Sif Muna
  9732 | D:9      | Reached skill level 8 in Spellcasting
  9771 | D:9      | Reached XP level 10. HP: 71/78 MP: 17/22
 10040 | D:10     | Entered Level 10 of the Dungeon
 10165 | D:10     | Noticed a white ugly thing
 10183 | D:10     | Killed a white ugly thing
 10522 | D:10     | Noticed a gargoyle
 10528 | D:10     | HP: 1/78 [gargoyle/stone arrow (10)]
 10533 | D:10     | Killed a gargoyle
 10893 | D:10     | Reached skill level 5 in Dodging
 11163 | D:10     | Found a shattered altar of Ashenzari.
 11393 | D:10     | Reached skill level 5 in Conjurations
 11400 | D:10     | Reached *** piety under Sif Muna
 11677 | D:10     | Found a staircase to the Lair.
 11849 | Lair:1   | Entered Level 1 of the Lair of Beasts
 12049 | Lair:1   | Reached skill level 9 in Spellcasting
 12467 | Lair:1   | Reached skill level 1 in Invocations
 12517 | Lair:1   | Noticed a five-headed hydra
 12525 | Lair:1   | Killed a five-headed hydra
 13226 | Lair:2   | Found a staircase to the Swamp.
 13327 | Lair:2   | Reached XP level 11. HP: 84/84 MP: 9/24
 14023 | Lair:2   | Noticed a six-headed hydra
 14038 | Lair:2   | Killed a six-headed hydra
 14306 | Lair:3   | Reached **** piety under Sif Muna
 14477 | Lair:3   | Noticed Gastronok
 14499 | Lair:3   | Killed Gastronok
 14972 | Lair:3   | Noticed Snorg
 14980 | Lair:3   | Killed Snorg
 14980 | Lair:3   | Reached skill level 5 in Invocations
 15972 | Lair:4   | Noticed a lindwurm
 16267 | Lair:4   | Reached skill level 1 in Shields
 16271 | Lair:4   | Killed a lindwurm
 16287 | Lair:4   | Noticed a lindwurm
 16303 | Lair:4   | Killed from afar by a lindwurm

Levels and vault maps discovered:
D:1:      minmay_arrival_up_and_down, layout_basic, skrybe_limestone_x
D:2:      layout_basic, uniq_jessica
D:3:      layout_basic, first_ration, minmay_mini_jars, uniq_sigmund,
          uniq_terence
D:4:      layout_loops_corners, kennysheep_little_box, grunt_gozag_statues
D:5:      layout_basic, chequers_serial_rivers_micro_e
D:6:      layout_gridville
D:7:      layout_cave_pods, minmay_temple_entry_stoned_glass, uniq_harold
D:8:      layout_loops_ring
D:9:      layout_irregular_city, minmay_orc_entry_temple_small, serial_shops,
          shop
D:10:     layout_irregular_city, david_lair_shrubbed, serial_undead,
          serial_undead_e, serial_undead_d, serial_undead_b, serial_undead_d,
          serial_undead_b, serial_undead_b, grunt_livestock, ashenzari_altar_1
Temple:   grunt_wide_crystal_templ
Lair:1:   layout_regular_city
Lair:2:   layout_hall_layers, skrybe_swamp_entry_bodies, minivault_11
Lair:3:   layout_regular_city, beast_lair_carwin_5, lemuel_fruit_tree,
          serial_bayou_shore_b, uniq_snorg, uniq_gastronok
Lair:4:   layout_loops_ring, minmay_snake_entry_guardpost_small,
          beast_lair_carwin_10

Skill      XL: |  1  2  3  4  5  6  7  8  9 10 11 |
---------------+----------------------------------+-----
Stealth        | 2 |  2.0
Dodging        | 2 4 6 8 |  8.0
Spellcasting   | 3 4 5 6 8 9 |  9.1
Ice Magic      | 4 5 6 7 8 |  8.2
Summonings     | 1 2 3 4 5 |  5.0
Fighting       | 3 4 |  4.0
Conjurations   | 3 6 8 |  8.0
Invocations    | 2 6 |  6.0
Shields        | 1 |  1.5

Action                   |  1- 3 |  4- 6 |  7- 9 | 10-12 || total
-------------------------+-------+-------+-------+-------++-------
Melee: Short sword       |    73 |       |       |       ||    73
       Unarmed           |     1 |       |       |       ||     1
       Tailslap          |     6 |     4 |    21 |    24 ||    55
       Club              |       |    41 |   168 |   164 ||   373
       Staff             |       |       |       |     2 ||     2
 Cast: Freeze            |    31 |    56 |   211 |    38 ||   336
       Summon Ice Beast  |       |     2 |    39 |   168 ||   209
  Use: Scroll            |     2 |     9 |     6 |     7 ||    24
       Potion            |       |       |     1 |     2 ||     3
 Stab: Sleeping          |     3 |     4 |     3 |     2 ||    12
       Distracted        |       |       |       |     3 ||     3
  Eat: Chunk             |     1 |     5 |    21 |    19 ||    46
       Ration            |       |       |     2 |     5 ||     7
Armor: Skin              |    36 |    23 |   132 |    89 ||   280
Dodge: Dodged            |    85 |    60 |   244 |   207 ||   596
Block: Buckler           |       |       |       |     4 ||     4

Table legend:
 A = Non-vault XP
 B = Vault XP
 C = Vault XP percentage of total XP
 D = Non-vault monster count
 E = Vault monster count
 F = Vault count percentage of total count
                 A         B        C        D         E       F
            +---------+---------+-------+---------+---------+-------
      Total |   13391 |    5256 |  28.2 |     267 |      51 |  16.0
            +---------+---------+-------+---------+---------+-------
        D:1 |      29 |       0 |   0.0 |      18 |       0 |   0.0
        D:2 |      95 |      37 |  28.0 |      23 |       1 |   4.2
        D:3 |      40 |     407 |  91.1 |      14 |      10 |  41.7
        D:4 |     623 |       0 |   0.0 |      28 |       0 |   0.0
        D:5 |     324 |       0 |   0.0 |      13 |       0 |   0.0
        D:6 |     676 |       0 |   0.0 |      19 |       0 |   0.0
        D:7 |    1075 |     496 |  31.6 |      30 |       1 |   3.2
        D:8 |     655 |       0 |   0.0 |      16 |       0 |   0.0
        D:9 |    1136 |     152 |  11.8 |      27 |       9 |  25.0
       D:10 |    1637 |    1039 |  38.8 |      23 |      18 |  43.9
     Lair:1 |    1789 |       0 |   0.0 |      14 |       0 |   0.0
     Lair:2 |    2109 |     125 |   5.6 |      15 |       1 |   6.2
     Lair:3 |    2607 |    2303 |  46.9 |      23 |       8 |  25.8
     Lair:4 |     596 |     697 |  53.9 |       4 |       3 |  42.9
            +---------+---------+-------+---------+---------+-------
